[Event "*** SCC Grand Prix: Titled Tuesday Blitz"]
[Site "Chess.com"]
[Date "2020.10.06"]
[Round "6"]
[White "Oleksandr_Bortnyk"]
[Black "abhidabhi"]
[Result "1-0"]
[WhiteElo "2908"]
[BlackElo "2783"]
[TimeControl "180+1"]
[EndTime "11:08:45 PDT"]
[Termination "Oleksandr_Bortnyk won by resignation"]

1. e4 e5 2. Bc4 Nf6 3. d3 Nc6 4. Nc3 Na5 5. Bg5 Be7 6. Nf3 Nxc4 7. dxc4 d6 8. Bxf6 Bxf6 9. h3 Be6 10. Qd3 Bg5 11.
Nd5 Bh6 12. Rd1 O-O 13. g4 g6 14. Rg1 c6 15. Nc3 Qb6 16. b3 Rfd8 17. g5 Bg7 18. h4 a6 19. Kf1 Qc5 20. a4 Rd7 21. Qe3 Qxe3 22. fxe3 Kf8 23. a5 Ke7 24. Ke2 f5 25. exf5 Bxf5 26. e4 Be6 27. Nh2 Rf8 28. Rdf1 Rf4 29. Rxf4 exf4 30. Kd3 d5 31. cxd5 cxd5 32.
Nxd5+ Bxd5 33. exd5 Rxd5+ 34. Ke4 Rxa5 35. Nf3 Rc5 36. Rg2 Rc3 37. Kxf4 b5 38. Re2+ Kf7 39. Ne5+ Bxe5+ 40. Kxe5 b4 41. Kd6 a5 42. Re7+ Kg8 43.
Rc7 Rh3 44. Rc4 Kf7 45. Rf4+ Kg7 46. Kc6 Rc3+ 47. Kb5 Rxc2 48. Kxa5 h6 49. Rg4 h5 50.
Rxb4 Rg2 51. Rc4 Rxg5+ 52. hxg5 1-0

[Event "*** SCC Grand Prix: Titled Tuesday Blitz"]
[Site "Chess.com"]
[Date "2020.10.06"]
[Round "6"]
[White "fabianvivasz"]
[Black "Deepweb2020"]
[Result "1-0"]
[WhiteElo "2356"]
[BlackElo "2225"]
[TimeControl "180+1"]
[EndTime "11:08:46 PDT"]
[Termination "fabianvivasz won by checkmate"]

1. e4 e5 2. Nf3 Nc6 3. d4 exd4 4. Bc4 Bc5 5. c3 Nf6 6. e5 d5 7. Bb5 Ne4 8. cxd4 Bb6 9. Nc3 O-O 10. Be3 Bg4 11.
Qc2 Bf5 12. Qb3 Ne7 13. O-O c6 14. Bd3 Nxc3 15. Qxc3 f6 16. Rfe1 Bc7 17. Bf4 Bxd3 18. Qxd3 Ng6 19. Bg3 Re8 20. Qf5 Rf8 21. e6 Bxg3 22.
hxg3 Qd6 23. Re3 Rfe8 24. Rae1 Re7 25. g4 Qf4 26. g3 Qxf5 27. gxf5 Nf8 28. g4 Rae8 29. Nd2 g6 30. f3 Kg7 31. Kf2 h5 32. Rg1 b6 33. gxh5 g5 34. f4 Nh7 35.
Nf3 Kh6 36. fxg5+ Nxg5 37. Nxg5 fxg5 38. Kf3 g4+ 39. Kf4 Rf8 40. Rxg4 Kxh5 41. Rh3# 1-0

[Event "*** SCC Grand Prix: Titled Tuesday Blitz"]
[Site "Chess.com"]
[Date "2020.10.06"]
[Round "6"]
[White "LiamVrolijk"]
[Black "GregShahade"]
[Result "1/2-1/2"]
[WhiteElo "2821"]
[BlackElo "2664"]
[TimeControl "180+1"]
[EndTime "11:08:47 PDT"]
[Termination "Game drawn by repetition"]

1. d4 Nf6 2. Bg5 c5 3. d5 d6 4.
Nc3 h6 5. Bxf6 exf6 6. e3 g6 7. Bb5+ Nd7 8. a4 Bg7 9. Nf3 O-O 10. O-O f5 11. Qd2 Ne5 12. Be2 Bd7 13. Rfb1 Re8 14.
Nb5 Bc8 15. c3 a6 16. Na3 Bd7 17. Nxe5 Bxe5 18. Nc4 Qc7 19. a5 Bb5 20. Nb6 Rad8 21. Bxb5 axb5 22. b3 b4 23. cxb4 Bxa1 24. Rxa1 cxb4 25.
Qxb4 Re4 26. Nc4 Ra8 27. g3 Ra6 28. Qb5 h5 29. h4 Re7 30. Kg2 Qc5 31. Qxc5 dxc5 32.
d6 Rd7 33. Rd1 Kg7 34. Rd5 Rc6 35. f4 Kf6 36. Kf3 Ke6 37. Re5+ Kf6 38. e4 Rdxd6 39. Nxd6 Rxd6 40. Ke3 fxe4 41. Kxe4 Rd4+ 42. Ke3 Rb4 43. Rxc5 Rxb3+ 44. Kf2 Ke6 45. Kg2 Kd6 46. Re5 b6 47.
axb6 Rxb6 48. Re1 Rb7 49. Re2 Re7 50. Rd2+ Ke6 51. Kf3 Kf6 52. Rd6+ Re6 53. Rd5 Ra6 54. Rd3 Rb6 55. Kg2 Ra6 56. Kh3 Rb6 57. g4 hxg4+ 58. Kxg4 Rb5 59. Rd6+ Kg7 60. Rd7 Rf5 61. Rd6 Rh5 62. Rd7 Rf5 63. Rd6 Rh5 64. Rd7 Rf5 1/2-1/2

[Event "*** SCC Grand Prix: Titled Tuesday Blitz"]
[Site "Chess.com"]
[Date "2020.10.06"]
[Round "6"]
[White "Mikhail_Golubev"]
[Black "AniJak"]
[Result "1-0"]
[WhiteElo "2518"]
[BlackElo "2371"]
[TimeControl "180+1"]
[EndTime "11:08:47 PDT"]
[Termination "Mikhail_Golubev won by resignation"]

1. e4 c6 2. d4 d5 3. Nc3 dxe4 4. Nxe4 Nf6 5. Ng3 h5 6. h4 Bg4 7. Be2 Bxe2 8. N1xe2 e6 9. Bg5 Nbd7 10. Qd2 Qb6 11.
O-O-O O-O-O 12. Kb1 Ba3 13. c4 c5 14. Ka1 Bb4 15. dxc5 Nxc5 16. Qc2 Na6 17. Ne4 Be7 18. Be3 Qa5 19. Ng5 Rhf8 20. Rxd8+ Bxd8 21. Nc3 Ng4 22. Bxa7 Nb4 23. Qa4 Nc6 24. Qxa5 Bxa5 25. Bc5 Rd8 26. Nxf7 Rd2 27. Nd6+ Kb8 28. Nde4 Rd8 29. f3 Nf6 30. a3 Nxe4 31. Nxe4 Ne5 32. Bd6+ Bc7 33. Bxc7+ Kxc7 34. Ng5 Re8 35. Re1 Nxc4 36. Rxe6 Kd7 37. Rxe8 Kxe8 38. Kb1 Ne3 39. g3 Nf5 40. Ne4 Nd4 41. f4 Nf3 42. Kc2 Kd7 43. Kc3 Kc6 44. Kd3 Ne1+ 45. Ke2 Nc2 46. Kd2 Na1 47. Kc3 b5 48.
Nd2 Kd5 49. b4 g6 50. Kb2 Kd4 51. Kxa1 Ke3 52. Nb3 Kf3 53. Nd4+ Kxg3 54. f5 gxf5 55. Nxf5+ Kg4 56. Ng7 Kxh4 57. a4 Kg5 58. Nxh5 1-0

[Event "*** SCC Grand Prix: Titled Tuesday Blitz"]
[Site "Chess.com"]
[Date "2020.10.06"]
[Round "6"]
[White "QuintilianoR"]
[Black "Teo2000"]
[Result "1-0"]
[WhiteElo "2588"]
[BlackElo "2414"]
[TimeControl "180+1"]
[EndTime "11:08:49 PDT"]
[Termination "QuintilianoR won on time"]

1. Nf3 d6 2. d4 Bg4 3. e4 Nd7 4. h3 Bh5 5. Nc3 e5 6. g4 Bg6 7.
h4 h5 8. g5 c6 9. Be3 Qc7 10.
Qd2 Ne7 11. O-O-O Nc8 12. Bh3 Ncb6 13. Rhe1 Nc4 14. Qd3 Nxe3 15. Qxe3 exd4 16. Nxd4 O-O-O 17. f4 Kb8 18. Kb1 Nb6 19. Nf3 f6 20. Nd4 Bf7 21. Be6 fxg5 22. hxg5 g6 23. f5 Bg7 24. f6 Bf8 25. Qf4 c5 26. Ndb5 Bxe6 27. Nxc7 Kxc7 28. Nd5+ Nxd5 29. exd5 Bf5 30. Re6 h4 31.
Rde1 h3 32. Qh2 Rh4 33. b3 Rg4 34. Re7+ Bxe7 35. Rxe7+ Rd7 36. Kb2 Rxe7 37. fxe7 Kd7 38. Qxh3 Re4 39. Qh7 Rxe7 40. Qh8 Kc7 41. Qf6 Rd7 42.
c4 Rd8 43. a4 Rd7 44. Ka3 a5 45. Qc3 Kb6 46. Qh8 Kc7 47. Qa8 Kb6 48. Qc8 Rc7 49. Qd8 1-0

[Event "*** SCC Grand Prix: Titled Tuesday Blitz"]
[Site "Chess.com"]
[Date "2020.10.06"]
[Round "6"]
[White "elohunter1999"]
[Black "szefru"]
[Result "1-0"]
[WhiteElo "2579"]
[BlackElo "2203"]
[TimeControl "180+1"]
[EndTime "11:08:49 PDT"]
[Termination "elohunter1999 won by resignation"]

1. e4 Nf6 2. e5 Nd5 3. d4 d6 4. Nf3 g6 5. Bc4 c6 6. exd6 Qxd6 7. O-O Bg7 8. h3 O-O 9. Nbd2 Nd7 10. Bb3 e5 11.
Nc4 Qc7 12. Ncxe5 Nxe5 13. dxe5 Be6 14. Qe2 Rfe8 15. Bd2 a5 16. a4 h6 17. Rfe1 Nb6 18. Bxe6 Rxe6 19. b3 Rae8 20. Bxa5 Bxe5 21. Nxe5 Rxe5 22. Qd2 Kh7 23. Rxe5 Qxe5 24. Re1 Qxe1+ 25. Qxe1 Rxe1+ 26. Bxe1 Kg7 27. f3 Kf6 28. Kf2 Ke5 29. Ke2 Nd5 30. g3 f5 31. c4 Nc7 32. Bc3+ Ke6 33.
Kd3 Na6 34. b4 Nc7 35. Bd2 h5 36. Kd4 Ne8 37. Kc5 Kd7 38. Bf4 Nf6 39. Be5 Ng8 40. Kb6 Kc8 41. a5 Nh6 42. b5 cxb5 43. cxb5 Nf7 44. Bf4 g5 45. a6 bxa6 46. bxa6 gxf4 47.
a7 fxg3 48. a8=Q+ Kd7 49. Qd5+ Ke7 50. Qxf5 1-0

[Event "*** SCC Grand Prix: Titled Tuesday Blitz"]
[Site "Chess.com"]
[Date "2020.10.06"]
[Round "6"]
[White "Happy1712Drummer"]
[Black "VladaSviridova"]
[Result "0-1"]
[WhiteElo "2384"]
[BlackElo "2255"]
[TimeControl "180+1"]
[EndTime "11:08:49 PDT"]
[Termination "VladaSviridova won on time"]

1. d4 d5 2. Nf3 Nf6 3. c4 c6 4.
Nbd2 Bf5 5. g3 h6 6. Bg2 e6 7. O-O Be7 8. b3 O-O 9. Bb2 Nbd7 10. Ne5 Nxe5 11. dxe5 Nd7 12. e4 dxe4 13. Bxe4 Bxe4 14. Nxe4 Nc5 15. Nd6 Bxd6 16. exd6 Nd7 17. f4 Kh7 18. Qd3+ g6 19. Kg2 Qb6 20. h4 Qc5 21. h5 Qf5 22. hxg6+ Qxg6 23. f5 exf5 24. Rae1 Nc5 25. Qxf5 Qxf5 26.
Rxf5 Nd3 27. Re2 Nxb2 28. Rxb2 Rad8 29. c5 b6 30. b4 Kg6 31. Rbf2 f6 32. g4 Rf7 33.
Re2 bxc5 34. bxc5 Rb8 35. Re6 Rb2+ 36. Rf2 Rb5 37. Rc2 Rb4 38. Kh3 Rd4 39. Rf2 Rd5 40.
Rfe2 Rxc5 41. Re7 Rd5 42. Rxf7 Kxf7 43. Re7+ Kg6 44. d7 c5 45. Kg3 c4 46. Kf3 c3 47.
d8=Q Rxd8 48. Rc7 Rd3+ 49. Ke4 Rd2 0-1

[Event "*** SCC Grand Prix: Titled Tuesday Blitz"]
[Site "Chess.com"]
[Date "2020.10.06"]
[Round "6"]
[White "Caterpiller35"]
[Black "Carnivoras"]
[Result "0-1"]
[WhiteElo "2500"]
[BlackElo "2676"]
[TimeControl "180+1"]
[EndTime "11:08:50 PDT"]
[Termination "Carnivoras won by resignation"]

1. d4 d5 2. Bf4 Nf6 3. e3 Bf5 4.
c4 e6 5. Nc3 c6 6. Qb3 Qc8 7. Nf3 Nbd7 8. Rc1 Be7 9. h3 O-O 10.
cxd5 exd5 11. Be2 Nb6 12. O-O Qd7 13. Ne5 Qc8 14. a4 Nbd7 15. g4 Be6 16. Bd3 Nxe5 17. Bxe5 Ne4 18. Nxe4 dxe4 19. Bc4 Bxc4 20. Qxc4 Qd7 21.
b4 Kh8 22. f3 f6 23. Bg3 f5 24. fxe4 fxg4 25. Rxf8+ Rxf8 26. Rf1 Rxf1+ 27. Kxf1 gxh3 28.
Qf7 h2 29. Bxh2 Qh3+ 30. Kg1 Qxe3+ 31. Kh1 Qxe4+ 32. Kg1 Qxd4+ 33. Kg2 Qf6 34. Qe8+ Bf8 35. Qd7 Qg6+ 36. Bg3 Qe4+ 37. Kh3 Qxb4 38. Qc8 a5 39. Bc7 h6 40. Qe8 Kh7 41. Be5 Bd6 42. Bg3 Bxg3 43. Kxg3 Qxa4 44. Kh3 Qb3+ 45. Kh4 Qd5 46. Qe4+ Qxe4+ 47. Kh5 Qg2 48. Kh4 Qg5+ 49. Kh3 a4 0-1

[Event "*** SCC Grand Prix: Titled Tuesday Blitz"]
[Site "Chess.com"]
[Date "2020.10.06"]
[Round "6"]
[White "Evandro_Barbosa"]
[Black "keepitcoming"]
[Result "1-0"]
[WhiteElo "2614"]
[BlackElo "2470"]
[TimeControl "180+1"]
[EndTime "11:08:50 PDT"]
[Termination "Evandro_Barbosa won on time"]

1. e4 c6 2. d4 d5 3. Nc3 dxe4 4. Nxe4 Nf6 5. Nxf6+ exf6 6. c3 Bf5 7. Bd3 Bxd3 8.
Qxd3 Bd6 9. Nf3 O-O 10. O-O Na6 11. Re1 Nc5 12. Qc4 Ne6 13. a4 Re8 14. Bd2 a5 15. Qb3 Qc7 16. g3 g6 17. c4 f5 18.
Rac1 Rad8 19. Bc3 Bf8 20. Qc2 Bg7 21. Rcd1 f4 22. d5 Bxc3 23. Qxc3 cxd5 24. cxd5 Qxc3 25. bxc3 Nc5 26. Rxe8+ Rxe8 27. Rd4 fxg3 28. hxg3 Kg7 29.
Rc4 b6 30. Rd4 Kf6 31. Kg2 Re2 32. Rf4+ Ke7 33. Nd4 Ra2 34. Nb5 Rxa4 35. d6+ Ke6 36. Rf3 Re4 37. Nd4+ Kxd6 38. Rxf7 Re7 39. Rf6+ Kc7 40.
Nb5+ Kb7 41. f3 a4 42. g4 Ka6 43. Na3 Re2+ 44. Kg3 Ra2 45. Nc4 a3 46. Rxb6+ Ka7 47. Rb5 Nd3 48. Ra5+ Kb7 49. Rxa3 Rxa3 50. Nxa3 Kc6 51.
Nc4 Kc5 52. Ne3 g5 53. Nf5 Kc4 54. Nd6+ Kd5 55. Nf7 1-0

[Event "*** SCC Grand Prix: Titled Tuesday Blitz"]
[Site "Chess.com"]
[Date "2020.10.06"]
[Round "6"]
[White "narutosmith"]
[Black "Das_Virus_2020"]
[Result "1-0"]
[WhiteElo "2238"]
[BlackElo "2379"]
[TimeControl "180+1"]
[EndTime "11:08:52 PDT"]
[Termination "narutosmith won on time"]

1. c4 c5 2. Nc3 e6 3. Nf3 Qc7 4. g3 a6 5. Bg2 d6 6. O-O Nf6 7.
d4 cxd4 8. Qxd4 Nbd7 9. b3 b6 10. Bb2 Bb7 11. Rac1 Rc8 12. Rfd1 Be7 13. h3 O-O 14.
Ng5 Bxg2 15. Kxg2 Rfd8 16. h4 h6 17. Nge4 Qc6 18. f3 Nxe4 19. Nxe4 e5 20. Qd2 Nc5 21. Nc3 Ne6 22. Nd5 Bf8 23. Qe3 b5 24. Nb6 Rb8 25. Nd5 bxc4 26. Rxc4 Qb7 27. Qd2 Rbc8 28. Rdc1 Rxc4 29.
Rxc4 Rc8 30. Ne3 Rxc4 31. Nxc4 Qc7 32. Ba3 d5 33. Qxd5 Bxa3 34. Nxa3 Qc1 35. Nc4 Nd4 36.
Qxe5 Nc2 37. Qe8+ Kh7 38. Qe4+ Kg8 39. Nd6 Ne1+ 40. Kf2 Qc5+ 41. Qe3 Qxd6 42. Kxe1 Qxg3+ 43. Qf2 Qe5 44. Qa7 Qa1+ 45. Kf2 Qxa2 46. b4 Qa3 47. Qc5 Qa4 48. Qc8+ Kh7 49. Qc4 1-0

[Event "*** SCC Grand Prix: Titled Tuesday Blitz"]
[Site "Chess.com"]
[Date "2020.10.06"]
[Round "6"]
[White "Grandelicious"]
[Black "remi04"]
[Result "1/2-1/2"]
[WhiteElo "2782"]
[BlackElo "2559"]
[TimeControl "180+1"]
[EndTime "11:08:53 PDT"]
[Termination "Game drawn by repetition"]

1. Nf3 Nf6 2. g3 d5 3. Bg2 e6 4. O-O Be7 5. c4 O-O 6. b3 b6 7. cxd5 exd5 8. d4 c5 9. Nc3 Nc6 10. dxc5 Bxc5 11. Bg5 Be6 12. Bxf6 Qxf6 13. Nxd5 Bxd5 14.
Qxd5 Rad8 15. Qc4 Ne5 16. Nxe5 Qxe5 17. Qa6 Rd2 18. e3 Rxf2 19. Rxf2 Qxa1+ 20. Rf1 Bxe3+ 21. Kh1 Qe5 22. Qxa7 h5 23. Qb7 Bc5 24. Bd5 Kh8 25. Bxf7 h4 26. Qg2 Qc7 27. Bd5 Qd8 28. Rd1 Qg5 29.
gxh4 Qxh4 30. Bf3 Be3 31. a4 Bf4 32. Be4 Bc7 33. h3 Rf2 34. Rf1 Rxf1+ 35. Qxf1 Qxe4+ 36. Kg1 Qe3+ 37. Kh1 Qe4+ 38. Kg1 Bd6 39. Qf7 Qe3+ 40.
Kg2 Qg3+ 41. Kf1 Qxh3+ 42. Ke2 Qg2+ 43. Kd3 Qg3+ 44. Kc2 Be5 45. Qh5+ Kg8 46. Qe8+ Kh7 47. Qh5+ Kg8 48. Qe8+ Kh7 49. Qh5+ Kg8 1/2-1/2

[Event "*** SCC Grand Prix: Titled Tuesday Blitz"]
[Site "Chess.com"]
[Date "2020.10.06"]
[Round "6"]
[White "verdest"]
[Black "juancruzarias"]
[Result "0-1"]
[WhiteElo "2647"]
[BlackElo "2505"]
[TimeControl "180+1"]
[EndTime "11:08:54 PDT"]
[Termination "juancruzarias won on time"]

1. d4 Nf6 2. c4 c5 3. d5 e5 4. Nc3 d6 5. e4 Nbd7 6. g3 Be7 7.
Bg2 O-O 8. Nge2 Ne8 9. O-O Rb8 10. h3 a6 11. a4 b6 12. Be3 Nc7 13. f4 b5 14. b3 bxc4 15. bxc4 Bf6 16. Rb1 Rb4 17. Qd3 a5 18. Nb5 Nxb5 19. Rxb4 axb4 20. axb5 Nb6 21. Nc1 Bd7 22. Nb3 Qe7 23. Na5 Ra8 24. Nc6 Qe8 25.
fxe5 Bxe5 26. Nxe5 Qxe5 27. Bf4 Qe7 28. e5 Ra3 29.
exd6 Qe8 30. Qc2 Rc3 31. Qf2 Rxc4 32. Re1 Qf8 33. Bf1 Rc3 34. Be5 Nxd5 35. Bxc3 Nxc3 36. Qxc5 h6 37. Qxb4 Nd5 38. Qc5 Nf6 39. b6 Qb8 40.
Qc7 Qa8 41. b7 Qa7+ 42. Kh1 Qf2 43. b8=Q+ Kh7 44. Qc3 Nh5 45. Qd3+ Bf5 46. Qe3 Nxg3+ 0-1

[Event "*** SCC Grand Prix: Titled Tuesday Blitz"]
[Site "Chess.com"]
[Date "2020.10.06"]
[Round "6"]
[White "Shivagami"]
[Black "Loy_Konstantin"]
[Result "0-1"]
[WhiteElo "2211"]
[BlackElo "2354"]
[TimeControl "180+1"]
[EndTime "11:08:54 PDT"]
[Termination "Loy_Konstantin won by resignation"]

1. d4 Nf6 2. c4 c5 3. d5 b5 4. Qc2 bxc4 5. e4 d6 6. Bxc4 g6 7. Nc3 Bg7 8. f4 O-O 9. Nf3 Ba6 10. Qe2 Bxc4 11. Qxc4 Qb6 12. O-O Qb4 13. Nd2 Qxc4 14. Nxc4 a5 15. Bd2 Nbd7 16. Rae1 Ng4 17. h3 Bd4+ 18. Kh1 Nf2+ 19. Kh2 Nd3 20. Re2 Rfb8 21. b3 Nb6 22. Nxb6 Rxb6 23. Rf3 Nb4 24.
Na4 Rb7 25. a3 Nc2 26. Bxa5 Nxa3 27. Bd2 Nb5 28. Bc1 Nc7 29. Rg3 Rab8 30. Nb2 Rxb3 31.
Rxb3 Rxb3 32. Nd1 Nb5 33. Rc2 Rd3 34. Nb2 Bxb2 35. Bxb2 Nd4 36. Rf2 c4 37. Bxd4 Rxd4 38. Re2 c3 39. Kg3 Rd2 40. Re1 c2 41. Rc1 Kg7 42. Kf3 h5 43. g3 Kf6 44. Ke3 Rh2 45. h4 e6 46. dxe6 Kxe6 47. Kf3 d5 48. exd5+ Kxd5 49. Ke3 Ke6 50. Kd3 Kf5 51. Re1 Kg4 52. Ke3 Kxg3 0-1

[Event "*** SCC Grand Prix: Titled Tuesday Blitz"]
[Site "Chess.com"]
[Date "2020.10.06"]
[Round "6"]
[White "CM_rui"]
[Black "vinniethepooh"]
[Result "0-1"]
[WhiteElo "2371"]
[BlackElo "2564"]
[TimeControl "180+1"]
[EndTime "11:08:55 PDT"]
[Termination "vinniethepooh won on time"]

1. e4 c5 2. Nf3 d6 3. c4 Nf6 4. Nc3 e5 5. d3 h6 6. Be2 Nc6 7. h3 Be7 8. O-O O-O 9. a3 Rb8 10. Rb1 a5 11. Bd2 Bd7 12. Nd5 Nxd5 13. cxd5 Nd4 14.
Nxd4 cxd4 15. b4 a4 16. b5 Ra8 17. Rb4 Qb6 18. Rxa4 Qxb5 19. Rb4 Qa6 20. Qb1 b5 21. Rb3 Rfc8 22. f4 exf4 23. Bxf4 Rc3 24. Bg4 Bxg4 25. hxg4 Rac8 26. Rxb5 Qxa3 27. Rb7 Bf6 28.
Rb8 Qa6 29. Bd2 Rxb8 30. Qxb8+ Rc8 31. Qb3 Be5 32. Rb1 Qa7 33. Bb4 Qd7 34. Qd1 Rb8 35. Rb2 Bf4 36. Ba3 Be3+ 37. Kh1 Ra8 38. Bb4 Qe7 39.
Qe1 Ra1 40. g3 Rxe1+ 41. Bxe1 Qg5 42. Kg2 Kh7 43. Re2 Qxg4 44. Rb2 h5 45. Rb7 h4 46. Rxf7 Qe2+ 47. Bf2 h3+ 48. Kxh3 Bxf2 49. e5 Qxe5 0-1

[Event "*** SCC Grand Prix: Titled Tuesday Blitz"]
[Site "Chess.com"]
[Date "2020.10.06"]
[Round "6"]
[White "ferch1ni"]
[Black "shnitez"]
[Result "0-1"]
[WhiteElo "2366"]
[BlackElo "2545"]
[TimeControl "180+1"]
[EndTime "11:08:55 PDT"]
[Termination "shnitez won by checkmate"]

1. e4 c5 2. Nf3 e6 3. d4 cxd4 4. Nxd4 a6 5. c4 Nf6 6. Nc3 Qc7 7. Be2 b6 8. O-O Bb7 9. f3 Bd6 10. g3 h5 11. Rf2 Be7 12. Be3 d6 13. Qd2 Nbd7 14.
Bf1 Ne5 15. Rc1 Rc8 16. b3 Qb8 17.
a4 O-O 18. h3 Rfd8 19. f4 Nxe4 20. Nxe4 Bxe4 21. fxe5 dxe5 22. Qb2 exd4 23. Bxd4 Rxd4 24. Qxd4 Ba8 25. Qf4 Qxf4 26. Rxf4 Bg5 27. Rd1 Bxf4 28. gxf4 Bc6 29. Rd6 a5 30. Bg2 Bxg2 31. Kxg2 Rb8 32. Kf3 Kf8 33. Rd7 Ke8 34. Ra7 Rd8 35. Ke4 Rd1 36. Rb7 Re1+ 37. Kf3 Rf1+ 38. Ke3 Rh1 39. Rxb6 Rxh3+ 40. Ke4 Ke7 41. c5 h4 42. Rb7+ Kf6 43.
Kd4 Rh1 44. c6 Rc1 45. c7 h3 46. b4 h2 47. bxa5 h1=Q 48. a6 Qg1+ 49. Kd3 Qf1+ 50. Kd4 Qe1 51. a7 Qd1+ 52. Ke3 Rc3+ 53. Ke4 Qd3# 0-1

[Event "*** SCC Grand Prix: Titled Tuesday Blitz"]
[Site "Chess.com"]
[Date "2020.10.06"]
[Round "6"]
[White "Vadim_Biliy"]
[Black "WiktoriaPOL"]
[Result "0-1"]
[WhiteElo "2296"]
[BlackElo "2053"]
[TimeControl "180+1"]
[EndTime "11:08:55 PDT"]
[Termination "WiktoriaPOL won on time"]

1. d4 Nf6 2. Nf3 g6 3. e3 Bg7 4. Be2 O-O 5. O-O d6 6. b4 Nbd7 7. c3 e5 8. Bb2 e4 9. Nfd2 d5 10.
c4 c6 11. b5 cxb5 12. cxd5 Nxd5 13. Nxe4 a6 14. Nbc3 Nxc3 15. Nxc3 Nb6 16. Rc1 Be6 17. a4 b4 18. Ne4 Bd7 19. Nc5 Bc6 20. Bf3 Bxf3 21. Qxf3 Rb8 22. Nxb7 Qd5 23. Nc5 Qxf3 24. gxf3 a5 25. Rfd1 Rfd8 26. Rc2 Bf8 27. e4 Rbc8 28. Ra1 Bxc5 29. Rxc5 Rxc5 30. dxc5 Nc4 31. Bf6 Rc8 32.
Bd4 b3 33. Rb1 Nd2 34. Rd1 Nxf3+ 35. Kg2 Nxd4 36. Rxd4 Rxc5 37. Rd8+ Kg7 38. Rb8 Rc3 39. Rb5 Rc4 40. Rxb3 Rxa4 41. f3 Rb4 42. Rc3 a4 43. Rc6 Rb2+ 44. Kg3 a3 45. Ra6 a2 46. f4 Kf8 47. e5 Ke7 48. h3 Rc2 0-1

[Event "*** SCC Grand Prix: Titled Tuesday Blitz"]
[Site "Chess.com"]
[Date "2020.10.06"]
[Round "6"]
[White "KuzubovYuriy"]
[Black "tigra"]
[Result "1-0"]
[WhiteElo "2942"]
[BlackElo "2826"]
[TimeControl "180+1"]
[EndTime "11:08:57 PDT"]
[Termination "KuzubovYuriy won by resignation"]

1. d4 Nf6 2. Nf3 g6 3. Nbd2 d5 4. e3 Bg7 5. b4 O-O 6. c4 c6 7. a4 a5 8. b5 c5 9. Bb2 cxd4 10.
Bxd4 Be6 11. Rc1 dxc4 12. Bxc4 Bxc4 13. Nxc4 Nbd7 14. O-O Rc8 15. Qd2 b6 16. Rfd1 Ne4 17. Qb2 Bxd4 18. Nxd4 Ndc5 19. Nc6 Qc7 20. Qd4 f6 21. f3 Ng5 22. N4xa5 Nce6 23. Qc4 bxa5 24. f4 Kg7 25. fxg5 Nxg5 26. Rd5 Nf7 27. Rcd1 Ne5 28.
Nxe5 Qxc4 29. Nxc4 Rxc4 30. R5d4 Rc3 31. Kf2 Kf7 32.
Rb1 Rb8 33. Kf3 g5 34. g4 Rc2 35. h3 Rh2 36. Kg3 Re2 37. Rb3 Rb6 38. Rc4 Kg6 39.
Rbc3 h5 40. gxh5+ Kxh5 41. Rc6 Rb7 42. Kf3 Rh2 43. Kg3 Ra2 44. R3c4 Ra3 45. Kf3 Kg6 46. h4 gxh4 47. Rxh4 Rd7 48. Rg4+ Kf7 49. Re4 Rb3 50. Ra6 Rb2 51. Rxa5 Rd1 52. Rd4 f5 53. Rxd1 1-0

[Event "*** SCC Grand Prix: Titled Tuesday Blitz"]
[Site "Chess.com"]
[Date "2020.10.06"]
[Round "6"]
[White "GameOverBro"]
[Black "fighter2jz"]
[Result "1-0"]
[WhiteElo "2516"]
[BlackElo "2660"]
[TimeControl "180+1"]
[EndTime "11:08:58 PDT"]
[Termination "GameOverBro won by resignation"]

1. e4 e6 2. d4 d5 3. Nd2 Nc6 4. Ngf3 Nf6 5. e5 Nd7 6. c4 f6 7.
cxd5 exd5 8. Bb5 fxe5 9. Nxe5 Ndxe5 10. dxe5 g6 11. O-O Bg7 12. f4 O-O 13. Nf3 a6 14. Ba4 Kh8 15. Be3 Ne7 16. Qd2 b6 17. b4 Nf5 18.
Bf2 Bd7 19. Bb3 c6 20. a4 Rc8 21.
Rac1 Qe7 22. a5 bxa5 23. Bc5 Qd8 24. Bxf8 Bxf8 25. bxa5 Rb8 26. Ng5 Qe8 27. e6 Rxb3 28. exd7 Qxd7 29. Rfe1 Bd6 30. g3 Bb4 31. Qc2 Nd4 32. Qd1 c5 33. Re5 h6 34. Ne6 Nf3+ 35.
Kh1 Nxe5 36. Qxb3 Qxe6 37. fxe5 Qxe5 38. Qf3 Qe4 39. Kg2 Qxf3+ 40. Kxf3 c4 41. Kf4 Bd6+ 42. Ke3 Be5 43. Rb1 Kg7 44. Rb6 c3 45. Rxa6 d4+ 46.
Kd3 Kf7 47. Rc6 Bb8 48. a6 Ke7 49. Rc8 Ba7 50. Rc7+ 1-0

[Event "*** SCC Grand Prix: Titled Tuesday Blitz"]
[Site "Chess.com"]
[Date "2020.10.06"]
[Round "6"]
[White "davigator"]
[Black "Shankovskyi"]
[Result "0-1"]
[WhiteElo "2354"]
[BlackElo "2477"]
[TimeControl "180+1"]
[EndTime "11:09:01 PDT"]
[Termination "Shankovskyi won on time"]

1. e4 e6 2. d4 d5 3. Nc3 Bb4 4. e5 c5 5. a3 Bxc3+ 6. bxc3 Ne7 7. Qg4 cxd4 8. Qxg7 Rg8 9. Qxh7 Qc7 10. Ne2 Nbc6 11. f4 dxc3 12. Qd3 Bd7 13. Qxc3 O-O-O 14. Rb1 d4 15.
Qc4 Nf5 16. Bd2 Kb8 17. g3 Rc8 18. Bg2 Qd8 19. Qd3 Rc7 20. Be4 Bc8 21. Kf2 f6 22. exf6 Qxf6 23. Bxf5 exf5 24. Rhe1 Be6 25. Rb5 Rh7 26.
h4 a6 27. Rc5 Bc8 28. Rg1 Qd6 29.
Rxf5 Bxf5 30. Qxf5 Re7 31. Qd3 Rge8 32. Re1 Qd7 33. Ng1 Rxe1 34. Bxe1 Qg4 35. Nf3 Re3 36. Qd1 Qh3 37. Bd2 Re8 38. Qf1 Qf5 39. Qd3 Qh3 40. Qf1 Qe6 41. Ng5 Qa2 42. Qd3 Qb1 43.
h5 Qh1 44. Nf3 Qxh5 45. f5 Qg4 46. Bf4+ Ka8 47. f6 Qe6 48. Qg6 Rg8 49. Qh6 Rf8 50.
Bg5 d3 0-1

[Event "*** SCC Grand Prix: Titled Tuesday Blitz"]
[Site "Chess.com"]
[Date "2020.10.06"]
[Round "6"]
[White "Piotrek1979"]
[Black "Mazetovic"]
[Result "0-1"]
[WhiteElo "2476"]
[BlackElo "2622"]
[TimeControl "180+1"]
[EndTime "11:09:02 PDT"]
[Termination "Mazetovic won by checkmate"]

1. Nf3 Nf6 2. g3 g6 3. Bg2 Bg7 4. b3 O-O 5. Bb2 d6 6. c4 e5 7. d3 c5 8. O-O Nc6 9. Nbd2 Bf5 10. a3 Qd7 11. Re1 Bh3 12. Bh1 h6 13. e3 Rfe8 14. Qc2 Rac8 15. Ne4 b6 16. Nfd2 Nh5 17. Nc3 f5 18.
Nd5 Ne7 19. b4 Nxd5 20. Bxd5+ Kh7 21. Bh1 Nf6 22. Nf3 Ng4 23. Nd2 h5 24. Bc3 h4 25.
Qb2 Bh6 26. d4 cxd4 27. exd4 e4 28. d5 e3 29. fxe3 Bxe3+ 30. Rxe3 Nxe3 31. Nf3 Nxc4 32. Qb3 Bg4 33. Ng5+ Kh6 34. gxh4 Re3 35. Rc1 Qe7 36. Qc2 Nxa3 37. Bg7+ Qxg7 38. Qxc8 Re2 39. Ne6 Rxe6 40. Qxe6 Qd4+ 41. Kf1 Qf4+ 42. Kg2 Qxc1 43. h3 Qd2+ 44. Kg3 Qd3+ 45. Kf2 Bxh3 46. Bf3 Qd4+ 47. Kg3 Bg4 48.
Qe7 Bxf3 49. Qg5+ Kh7 50. Qe7+ Qg7 51. Qxd6 Be4 52. Qd8 Nc4 53. Kf2 Qd4+ 54. Kg3 Qe3+ 55. Kh2 Qf2+ 56. Kh3 Qg2# 0-1

[Event "*** SCC Grand Prix: Titled Tuesday Blitz"]
[Site "Chess.com"]
[Date "2020.10.06"]
[Round "6"]
[White "night_player"]
[Black "awesomevishesh"]
[Result "0-1"]
[WhiteElo "2230"]
[BlackElo "2420"]
[TimeControl "180+1"]
[EndTime "11:09:02 PDT"]
[Termination "awesomevishesh won by resignation"]

1. e4 c5 2. c3 Nf6 3. e5 Nd5 4. Nf3 d6 5. exd6 Qxd6 6. Bc4 Nc6 7. O-O e6 8. d4 Be7 9. Nbd2 cxd4 10. cxd4 O-O 11. a3 Nf6 12. Ba2 Nxd4 13. Nc4 Nxf3+ 14. Qxf3 Qc6 15. Qxc6 bxc6 16. Ne5 Ba6 17. Rd1 Rfd8 18. Be3 Rxd1+ 19. Rxd1 Bb7 20. Rc1 Rc8 21. Bxa7 c5 22.
Bb6 Nd5 23. Ba5 Bf6 24. Nd7 Bxb2 25. Rxc5 Bxa3 26. Rxc8+ Bxc8 27. Nb6 Bb7 28. Nxd5 exd5 29. Bb6 Bb2 30. f3 f6 31. Kf2 Kf7 32. Ke3 Ke6 33. Bb1 f5 34. g4 g6 35. h4 d4+ 36. Bxd4 f4+ 37. Kd3 Bxd4 38. Kxd4 Bxf3 39. h5 gxh5 40. gxh5 h6 41. Bg6 Kf6 42. Be8 Kg5 43. Ke5 Bd1 44. Ke4 Kg4 45. Kd3 Kg3 46. Kd2 Bg4 47. Ke1 f3 48.
Bb5 f2+ 49. Kd2 Bh3 0-1